 Dungeon Crawl Stone Soup version 0.28-a0-620-g539b0f7ac7 (webtiles) character file.

Game seed: 7823227963876602389

420 bande the Covered (level 6, -13/38 HPs)
             Began as a Gargoyle Fighter on Oct 7, 2021.
             Was an Initiate of Okawaru.
             Mangled by an ogre (22 damage)
             ... on level 5 of the Dungeon.
             The game lasted 00:06:40 (2971 turns).

bande the Covered (Gargoyle Fighter)                Turns: 2971, Time: 00:06:41

Health: -13/38     AC: 22    Str: 21    XL:     6   Next: 94%
Magic:  6/6        EV:  6    Int:  8    God:    Okawaru [......]
Gold:   170        SH:  4    Dex: 10    Spells: 4/5 levels left

rFire   . . .      SeeInvis .   a - +0 war axe
rCold   . . .      Faith    .   c - +0 buckler
rNeg    + . .      Spirit   .   g - +0 plate armour
rPois   ∞          Reflect  .   (no helmet)
rElec   +          Harm     .   (no cloak)
rCorr   .          Rampage  .   (no gloves)
Will    .....                   k - +1 pair of boots
Stlth   ..........              n - amulet of regeneration
HPRegen 1.12/turn               i - +4 ring of protection
MPRegen 0.10/turn               (no ring)

@: no status effects
A: sickness immunity, AC +4, negative energy resistance 1, electricity
resistance, torment resistance 1, petrification resistance
a: Renounce Religion


You were on level 5 of the Dungeon.
You worshipped Okawaru.
Okawaru was noncommittal.
You visited 2 branches of the dungeon, and saw 6 of its levels.

You collected 170 gold pieces.

Inventory:

Hand Weapons
 a - a +0 war axe (weapon)
Armour
 c - a +0 buckler (worn)
 g - a +0 plate armour (worn)
 k - a +1 pair of boots (worn)
Jewellery
 i - a +4 ring of protection (left hand)
 n - an amulet of regeneration (around neck)
Scrolls
 f - 2 scrolls of holy word
 m - 3 scrolls of enchant armour
 p - a scroll of teleportation
 q - a scroll of magic mapping
Potions
 d - a potion of might
 e - a potion of cancellation
 h - 3 potions of flight
 j - a potion of degeneration {unknown}
 l - a potion of heal wounds {unknown}
 o - a potion of brilliance {unknown}


   Skills:
 + Level 4.3 Fighting
 + Level 4.3 Axes
 + Level 4.4 Armour
 + Level 4.0 Shields
 * Level 2.2 Translocations
 * Level 1.1 Invocations


You had 4 spell levels left.
You knew the following spells:

 Your Spells              Type           Power      Damage    Failure   Level
a - Apportation           Tloc           6%         N/A       99%         1

Your spell library contained the following spells:

 Spells                   Type           Power      Damage    Failure   Level
 Beastly Appendage        Tmut           0%         N/A       100%        1
 Foxfire                  Conj/Fire      0%         2x1d4     100%        1
 Wereblood                Tmut           0%         N/A       100%        2
 Conjure Flame            Conj/Fire      0%         6-21      100%        3
 Inner Flame              Hex/Fire       0%         N/A       100%        3
 Spider Form              Tmut/Pois      0%         N/A       100%        3
 Flame Wave               Conj/Fire      0%         3d3       100%        4
 Passage of Golubria      Tloc           N/A        N/A       100%        4
 Yara's Violent Unravell  Hex/Tmut       0%         3d3       100%        5
 Animate Skeleton         Necr           Unusable   N/A       N/A         1
 Summon Small Mammal      Summ           Unusable   N/A       N/A         1
 Tukima's Dance           Hex            Unusable   N/A       N/A         3

Dungeon Overview and Level Annotations

Branches:
Dungeon (4/15)             Temple (1/1) D:4

Altars:
Fedhas
Gozag
Nemelex Xobeh
Okawaru
Ru
Uskayaw
Vehumet

Shops:
D:3 (


Innate Abilities, Weirdness & Mutations

You are immune to sickness and miasma.
Your stone body is resilient. (AC +4)
You are immune to poison.
You resist negative energy. (rN+)
You are resistant to electric shocks. (rElec)
You are resistant to unholy torment.
You are immune to petrification.


Message History

You closely miss the hound skeleton.
The hound skeleton is almost destroyed.
The hound skeleton bites you but does no damage. x2
You hit the hound skeleton but do no damage.
The hound skeleton is almost destroyed.
You block the hound skeleton's attack. x2
You closely miss the hound skeleton.
The hound skeleton is almost destroyed.
You block the hound skeleton's attack.
Your plate armour prevents you from hitting the hound skeleton.
The hound skeleton is almost destroyed.
The hound skeleton bites you but does no damage. x2
A hound skeleton is nearby!
You slash the hound skeleton!
You destroy the hound skeleton!
Okawaru accepts your kill.
You fall into a shaft and drop 1 floor!
The shaft crumbles and collapses.
An ogre comes into view. It is wielding a +0 giant club.
The ogre shouts!
You hit the ogre.
The ogre is lightly wounded.
The ogre hits you with a +0 giant club!
Your plate armour prevents you from hitting the ogre.
The ogre is lightly wounded.
The ogre hits you with a +0 giant club!!
Ouch! That really hurt!
* * * LOW HITPOINT WARNING * * *
You are too injured to fight recklessly!
You are too injured to fight recklessly!
You are too injured to fight recklessly!
You are too injured to fight recklessly!
You slash the ogre!
The ogre is moderately wounded.
The ogre hits you but does no damage.
You completely miss the ogre.
The ogre is moderately wounded.
The ogre hits you with a +0 giant club!!
Ouch! That really hurt!
You die...

###
#.#
#.#
...
#.#
#O#
#@#
#.#
#.#
...
...
#....
#....
#.....


You could see an ogre.

Vanquished Creatures
  An ogre (D:4)
  A centaur zombie (D:4)
  A hound (D:4)
  A bullfrog skeleton (D:4)
  Natasha (thrice) (D:2)
  An iguana (D:4)
  An orc wizard (D:3)
  A hound skeleton (D:4)
  2 adders
  A worm (D:3)
  3 dart slugs
  5 orcs
  9 bats
  4 endoplasms
  5 giant cockroaches
  4 goblins
  7 hobgoblins
  7 jackals
  2 quokkas
  6 ball pythons
  4 frilled lizards
  6 kobolds
  4 rats
79 creatures vanquished.

Notes
Turn   | Place    | Note
-------+----------+-------------------------------------------
     0 | D:1      | bande the Gargoyle Fighter began the quest for the Orb.
     0 | D:1      | Reached XP level 1. HP: 14/14 MP: 1/1
    67 | D:1      | Found a faded altar of an unknown god.
    72 | D:1      | Reached XP level 2. HP: 19/19 MP: 2/2
   447 | D:1      | Reached XP level 3. HP: 21/24 MP: 3/3
   855 | D:1      | Learned a level 1 spell: Apportation
   962 | D:2      | Noticed Natasha
   967 | D:2      | Killed Natasha
   998 | D:2      | Reached XP level 4. HP: 29/29 MP: 4/4
  1038 | D:2      | Noticed Natasha
  1046 | D:2      | Killed Natasha
  1047 | D:2      | Reached skill level 1 in Translocations
  1053 | D:2      | Noticed Natasha
  1058 | D:2      | Killed Natasha
  1235 | D:2      | Reached XP level 5. HP: 28/33 MP: 5/5
  1673 | D:3      | Found a hide-covered altar of Uskayaw.
  1705 | D:3      | Found Tofyhodidd's Antique Weapon Emporium.
  2323 | D:4      | Found a staircase to the Ecumenical Temple.
  2329 | Temple   | Entered the Ecumenical Temple
  2427 | Temple   | Became a worshipper of Warmaster Okawaru
  2513 | D:4      | Reached XP level 6. HP: 38/38 MP: 6/6
  2603 | D:4      | Reached * piety under Okawaru
  2604 | D:4      | Reached skill level 1 in Invocations
  2967 | D:4      | You fall into a shaft and drop 1 floor!
  2967 | D:5      | Entered Level 5 of the Dungeon
  2971 | D:5      | Mangled by an ogre

Illustrated notes

Levels and vault maps discovered:
D:1:      minmay_arrival_five_plusses, layout_rooms,
          hellmonk_ecumenical_altar_dog_temple, st_stairs_13
D:2:      layout_basic, hangedman_decor_opposing, uniq_natasha
D:3:      layout_rooms, mainiacjoe_overflow_paths, serial_shops, shop,
          st_stairs_10
D:4:      layout_basic, minmay_temple_entry_nine_rooms
D:5:      layout_basic, nicolae_dithmenos_shadow_blocks, pf_just_have_faith
Temple:   nicolae_temple_figure_eight

Skill      XL: |  1  2  3  4  5  6 |
---------------+-------------------+-----
Axes           | 2 3 4 |  4.3
Translocations | 1 2 |  2.2
Armour         | 4 |  4.4
Fighting       | 4 |  4.3
Shields        | 4 |  4.0
Invocations    | 1 |  1.1

Action                   |  1- 3 |  4- 6 || total
-------------------------+-------+-------++-------
Melee: War axe           |    76 |   182 ||   258
  Use: Scroll            |     2 |     7 ||     9
Armor: Scale mail        |    41 |   107 ||   148
       Plate armour      |       |    13 ||    13
Dodge: Dodged            |    48 |   107 ||   155
Block: Buckler           |    15 |    47 ||    62

Table legend: (Time is in decaauts)
 A = Elapsed time spent in this place.
 B = Non-inter-level travel time spent in this place.
 C = Inter-level travel time spent in this place.
 D = Time resting spent in this place.
 E = Time spent auto-exploring this place.
 F = Levels seen in this place.
 G = Mean time per level.
                   A        B        C        D        E       F      G
               +--------+--------+--------+--------+--------+-----+--------+
         Total |   3061 |   3053 |      8 |    346 |   1866 |   6 |  510.2 |
       Dungeon |   2917 |   2909 |      8 |    346 |   1776 |   5 |  583.4 |
        Temple |    143 |    143 |      0 |      0 |     90 |   1 |  143.0 |
               +--------+--------+--------+--------+--------+-----+--------+

Top non-repeatable levels by time:
     D:1: 946 daAuts
     D:2: 761 daAuts
     D:4: 740 daAuts
     D:3: 463 daAuts
  Temple: 143 daAuts
     D:5: 4 daAuts
